Map: Queda Cerúlea LE

Players

bill

  • Race: Terran Terran
  • League: Gold
  • Spawn Location: 1:00

Vicster - Winner!

  • Race: Terran Terran
  • League: Gold
  • Spawn Location: 7:00

VOD

Have the link to the VOD?

Description

Time

  • Played on: Jan. 6, 2019, 4:36 p.m.
  • Length: 19:56
Show
View Real Time Build Order
Export as new Build Order

bill Terran 

Build Orders: Gas First Reaper Expand 

Get SALT Encoding   

  12  0:06  SCV  
  13  0:16  Supply Depot  
  13  0:18  SCV  
  14  0:26  Refinery  
  14  0:30  SCV  
  15  0:43  Barracks  
  15  0:47  SCV  
  16  0:59  SCV  
  17  1:11  SCV  
  18  1:23  SCV  
  19  1:31  Reaper  
  20  1:32  Supply Depot  
  20  1:36  Orbital Command  
  20  2:00  Command Center  
  20  2:03  Marine  
  21  2:24  Marine  
  22  2:31  SCV  
  23  2:37  Refinery  
  23  2:39  Factory  
  23  2:42  Marine  
  24  3:01  SCV  
  24  3:03  Barracks Tech Lab  
  25  3:13  SCV  
  26  3:20  Supply Depot  
  26  3:22  Marine, Supply Depot  
  26  3:24  Stimpack  
  26  3:26  Widow Mine  
  29  3:28  Starport  
  29  3:40  Marine  
  30  3:45  Supply Depot  
  29  3:50  Bunker  
  29  3:51  Orbital Command  
  29  3:52  SCV  
  30  3:57  Marine  
  31  4:05  SCV  
  33  4:17  SCV  
  33  4:29  SCV  
  34  4:45  SCV x2  
  36  4:46  Marine  
  36  4:51  Factory Tech Lab, Starport Tech Lab  
  37  4:57  SCV x2  
  39  5:04  Marine  
  40  5:10  SCV x2  
  42  5:16  Raven  
  42  5:18  Starport  
  44  5:22  Marine, SCV x2  
  47  5:30  Refinery, Siege Tank  
  47  5:31  Refinery  
  47  5:34  SCV x2  
  52  5:40  Marine  
  53  5:46  SCV x2  
  55  5:51  Combat Shield  
  55  5:58  Marine, Engineering Bay  
  55  6:00  Engineering Bay  
  56  6:15  Marine  
  57  6:20  SCV x2  
  57  6:22  Starport Reactor  
  59  6:27  Starport  
  59  6:33  Marine  
  60  7:08  Marine  
  61  7:11  Starport Reactor  
  61  7:21  Fusion Core  
  61  7:26  Marine  
  61  7:29  Concussive Shells, Command Center  
  62  7:31  Terran Infantry Armor Level 1, Terran Infantry Weapons Level 1  
  62  7:35  Liberator  
  62  7:38  Barracks  
  62  7:42  Barracks, Siege Tank  
  62  7:43  Marine  
  69  7:59  Medivac  
  69  8:01  Marine  
  69  8:02  SCV x2  
  74  8:13  Supply Depot  
  74  8:14  SCV, Supply Depot  
  74  8:15  SCV  
  74  8:16  Supply Depot  
  74  8:19  Marine  
  77  8:20  Liberator  
  77  8:22  Advanced Ballistics  
  77  8:34  Medivac  
  77  8:37  Marine, Supply Depot  
  77  8:38  Supply Depot  
  77  8:39  Supply Depot  
  83  8:55  Marine  
  84  9:12  Marine  
  85  9:25  Barracks Reactor x2  
  85  9:30  Marine  
  86  9:36  Liberator x3  
  84  9:55  Viking x2  
  97  10:12  Liberator  
  97  10:16  Marine  
  97  10:20  Marine x3  
  101  10:23  Orbital Command  
  101  10:30  Viking  
  101  10:34  Marine  
  107  10:36  Viking  
  107  10:38  Command Center  
  109  10:45  Armory  
  109  10:52  Marine  
  103  11:18  Orbital Command  
  97  11:26  Battlecruiser  
  103  12:00  Terran Ship Weapons Level 1  
  103  12:09  Refinery  
  103  12:10  Refinery  
  70  12:30  Battlecruiser  
  47  12:54  Marine x4  
  47  12:55  Marine  
  47  13:12  Marine x4  
  48  13:14  Orbital Command  
  49  13:34  Battlecruiser  
  55  13:44  SCV x3  
  58  13:56  SCV x3  
  58  14:00  Refinery  
  61  14:08  SCV x3  
  64  14:38  Banshee  
  20  16:30  Orbital Command  
  5  17:47  SCV  
  5  17:51  Barracks Tech Lab x2  
  6  17:54  Factory Tech Lab  
  6  17:59  SCV  
  7  18:11  SCV  
  8  18:23  SCV, Supply Depot  
  11  18:27  Marauder x2  
  13  18:35  SCV  
Show
View Real Time Build Order
Export as new Build Order

Vicster Terran - Winner!

Build Orders: Mech 

Get SALT Encoding   

  12  0:00  SCV  
  13  0:13  SCV  
  14  0:17  Supply Depot  
  14  0:25  SCV  
  15  0:39  SCV  
  15  0:42  Barracks  
  16  0:51  SCV  
  16  0:52  Refinery  
  17  1:03  SCV  
  18  1:15  SCV  
  19  1:31  Marine  
  19  1:32  Orbital Command  
  20  1:44  Command Center  
  20  2:03  Factory, Barracks Tech Lab  
  20  2:04  SCV  
  21  2:13  Supply Depot  
  21  2:16  SCV  
  22  2:29  SCV  
  22  2:41  SCV  
  22  2:43  Bunker  
  23  2:53  Refinery, SCV  
  23  2:57  Orbital Command  
  24  3:04  Siege Tank  
  24  3:05  SCV  
  28  3:17  SCV, Supply Depot  
  29  3:29  SCV x2  
  31  3:41  SCV x2  
  33  3:56  SCV  
  33  4:01  Factory  
  34  4:06  Factory  
  34  4:08  Command Center, SCV  
  35  4:11  Siege Tank  
  38  4:17  SCV, Supply Depot  
  38  4:20  SCV  
  40  4:30  SCV  
  41  4:33  SCV  
  42  4:42  SCV  
  42  4:45  Refinery, SCV, Engineering Bay  
  44  4:47  Refinery  
  44  4:53  Factory Reactor  
  44  4:54  Factory Reactor, SCV  
  44  4:56  Armory  
  44  4:57  SCV  
  44  4:59  Hellion  
  48  5:09  SCV  
  49  5:18  SCV  
  49  5:21  SCV, Orbital Command  
  51  5:29  Missile Turret  
  51  5:30  SCV  
  51  5:33  SCV, Hellion x2  
  51  5:34  Missile Turret, Hellion x2  
  51  5:35  Siege Tank  
  64  5:42  Missile Turret, SCV  
  65  5:44  Missile Turret  
  65  5:45  SCV  
  66  5:54  SCV  
  68  5:57  SCV  
  69  6:06  SCV, Orbital Command  
  69  6:09  SCV  
  70  6:30  Infernal Pre-Igniter  
  72  6:33  Hellion x2  
  72  6:34  Siege Tank  
  72  6:38  Terran Vehicle Weapons Level 1  
  77  6:43  Armory  
  77  6:52  Supply Depot  
  77  6:53  Supply Depot  
  77  6:54  Supply Depot  
  77  6:55  SCV, Supply Depot  
  77  6:57  SCV  
  77  6:59  SCV  
  76  7:07  SCV  
  77  7:14  SCV x2  
  77  7:15  Hellion x4  
  87  7:16  Thor, Missile Turret  
  87  7:19  SCV  
  94  7:26  SCV  
  95  7:36  Factory  
  95  7:37  Factory  
  95  7:38  Factory, Hellion x2  
  95  7:40  SCV x2  
  95  7:41  SCV  
  102  7:47  Refinery  
  102  7:48  Refinery  
  102  7:52  SCV  
  102  7:53  SCV x2  
  102  7:57  Command Center  
  105  8:02  Supply Depot x2  
  105  8:03  Supply Depot  
  105  8:05  SCV  
  108  8:20  Hellion  
  108  8:23  Factory Tech Lab x2  
  108  8:24  Factory Tech Lab, Thor, Hellion x3  
  120  8:36  Factory  
  120  8:37  Terran Vehicle Weapons Level 2  
  120  8:38  Factory  
  120  8:39  Terran Vehicle And Ship Armor Level 1  
  120  8:42  Command Center  
  120  8:47  Thor  
  126  8:52  SCV  
  126  8:53  SCV  
  126  8:54  SCV  
  129  9:05  SCV  
  129  9:06  SCV x2  
  129  9:08  Thor  
  138  9:11  Orbital Command  
  138  9:17  SCV  
  139  9:18  SCV x2  
  141  9:25  Command Center  
  141  9:29  Factory Tech Lab, SCV  
  141  9:30  Factory Tech Lab, SCV  
  143  9:43  Refinery  
  143  9:45  Hellion x2  
  147  9:49  Hellion  
  147  9:51  Hellion  
  148  9:54  Hellion x4  
  156  10:10  Missile Turret  
  156  10:13  Missile Turret, Supply Depot  
  156  10:17  Supply Depot x3  
  156  10:19  Thor  
  162  10:33  Planetary Fortress, Refinery  
  162  10:35  Thor  
  168  10:48  SCV x4  
  172  10:59  Thor x4  
  172  11:00  SCV x4  
  191  11:12  SCV  
  192  11:39  Thor  
  198  11:42  Hellion  
  198  11:46  Orbital Command  
  178  12:21  Thor x5  
  178  12:22  Thor  
  192  12:24  Hellion  
  192  12:25  Hellion x3  
  166  12:46  Hellion x4  
  166  12:50  Missile Turret x2  
  162  12:51  Missile Turret  
  150  12:59  SCV x5  
  150  13:00  Missile Turret  
  150  13:02  Missile Turret x3  
  150  13:04  Thor, Missile Turret x2  
  150  13:05  Hellion x5  
  167  13:06  Refinery  
  167  13:07  Missile Turret, Hellion x4  
  171  13:26  Hellion x4  
  171  13:27  Hellion  
  181  13:28  Hellion  
  181  13:29  Hellion x3  
  189  13:40  Refinery  
  189  13:44  Refinery, Command Center  
  189  13:47  Hellion x4  
  197  13:48  Missile Turret x2  
  197  13:51  Missile Turret  
  197  13:53  Missile Turret  
  197  14:03  Hellbat  
  197  14:31  Terran Vehicle Weapons Level 3, Terran Vehicle And Ship Armor Level 2  
  197  14:45  Refinery  
  192  15:02  Command Center  
  190  15:11  Thor  
  193  15:41  Thor  
  195  16:24  Orbital Command  
  195  16:25  Refinery  
  189  17:49  Thor  
  195  18:10  Command Center  
  195  18:16  Command Center  
  195  18:23  Command Center  
  195  18:52  Command Center  
Tags
 
Composition
Mech
League
GoldGold
Matchup
TvT
Race
Terran
Replay Pack
Vicster replay
Spawn Locations
Cross Positions
Add a new tag
Caveats
  • Supply blocks, unpowered buildings, or Contaminate may cause inaccurate times.
  • Supply counts are checked every 10 seconds.